 Dungeon Crawl Stone Soup version 0.19.0 (webtiles) character file.

1927 Gingerlord the Shield-Bearer (level 9, -7/57 HPs)
             Began as a Gargoyle Fighter on Nov 2, 2016.
             Was a Follower of Okawaru.
             Mangled by jasper's ghost (18 damage)
             ... on level 7 of the Dungeon.
             The game lasted 00:10:36 (5323 turns).

Gingerlord the Shield-Bearer (Gargoyle Fighter)     Turns: 5323, Time: 00:10:37

Health: -7/57      AC: 30    Str: 20    XL:     9   Next: 17%
Magic:  9/9        EV: 10    Int:  9    God:    Okawaru [*.....]
Gold:   373        SH:  0    Dex: 12    Spells: 0 memorised, 8 levels left

rFire  . . .     SeeInvis .     B - +1 dire flail (protect)
rCold  . . .     Gourm    .     A - +5 ring mail of Immorality {Slay+3}
rNeg   + . .     Faith    .     (shield currently unavailable)
rPois  ∞         Spirit   .     y - +0 hat
rElec  +         Reflect  .     F - +2 cloak
rCorr  .         Harm     .     C - +0 pair of gloves
MR     .....                    u - +0 pair of boots
Stlth  +.........               (no amulet)
                                (no ring)
                                e - ring of wizardry

@: protection aura
A: negative energy resistance 1, electricity resistance, unbreathing,
petrification resistance, rot immunity, AC +5
a: Heroism, Renounce Religion


You were on level 7 of the Dungeon.
You worshipped Okawaru.
Okawaru was aware of your devotion.
You were not hungry.

You visited 2 branches of the dungeon, and saw 8 of its levels.

You collected 373 gold pieces.

Inventory:

Hand Weapons
 a - a +1 flail
 B - a +1 dire flail of protection (weapon)
Armour
 c - a +0 shield
 u - a +0 pair of boots (worn)
 y - a +0 hat (worn)
 A - the +5 ring mail of Immorality (worn) {Slay+3}
   (You found it on level 4 of the Dungeon)

   It affects your accuracy and damage with ranged weapons and melee attacks
   (+3).
 C - a +0 pair of gloves (worn)
 F - a +2 cloak (worn)
Jewellery
 e - a ring of wizardry (left hand)
Wands
 b - a wand of paralysis (11/24)
Scrolls
 g - 5 scrolls of teleportation
 k - 2 scrolls of enchant weapon
 n - a scroll of magic mapping
 r - 2 scrolls of fear
 t - 2 scrolls of identify
 v - 8 scrolls of remove curse
 x - 2 scrolls of fog {unknown}
 z - a scroll of blinking {unknown}
 D - a scroll of enchant armour {unknown}
 E - a scroll of recharging {unknown}
Potions
 d - a potion of might
 h - a potion of mutation {unknown}
 i - 4 potions of lignification
 j - a potion of heal wounds {unknown}
 o - a potion of cancellation {unknown}
 p - a potion of magic {unknown}
 q - a potion of degeneration {unknown}
 s - a potion of resistance {unknown}
 w - a potion of invisibility {unknown}
Comestibles
 f - 6 bread rations
 l - 3 meat rations
 m - 2 slices of pizza


   Skills:
 + Level 7.1 Fighting
 + Level 6.2 Maces & Flails
 + Level 7.1 Armour
 + Level 7.2 Shields


You had 8 spell levels left.
You didn't know any spells.

Dungeon Overview and Level Annotations

Branches:
Dungeon (7/15)             Temple (1/1) D:4

Altars:
Ashenzari
Cheibriados
Dithmenos
Elyvilon
Fedhas
Gozag
Hepliaklqana
Kikubaaqudgha
Makhleb
Nemelex Xobeh
Okawaru
Qazlal
Ru
Sif Muna
Trog
Vehumet
Xom
Yredelemnul
Zin

Shops:
D:4 =

Annotations:
D:7 jasper's ghost, novice DsGl


Innate Abilities, Weirdness & Mutations

You are resistant to torment.
Your stone body is resilient. (AC +5)
You are immune to poison.
You resist negative energy. (rN+)
You are resistant to electric shocks. (rElec)
You can survive without breathing.
You are immune to petrification.
You are immune to rotting.


Message History

You barely miss jasper's ghost.
Jasper's ghost is heavily damaged.
Jasper's ghost closely misses you.
You hit jasper's ghost.
Jasper's ghost is heavily damaged.
Jasper's ghost hits you but does no damage.
You hit jasper's ghost.
Jasper's ghost is severely damaged.
Jasper's ghost hits you but does no damage.
You sock jasper's ghost!
Jasper's ghost is severely damaged.
Jasper's ghost closely misses you.
You sock jasper's ghost!
Jasper's ghost is almost destroyed.
Jasper's ghost hits you.
* * * LOW HITPOINT WARNING * * *
You barely miss jasper's ghost.
Jasper's ghost is almost destroyed.
Jasper's ghost hits you!!
You die...

#......#.....#.....
#......'.....#.....
#......#.....+.....
#......#.....#.....
#......#.....#..... .
#......#.....#..... ...
####...####'##.....
.....#########.....#####
......W@.....'.....# #
.............#.....# #
.............#..[..# #
##############.....# #
####### #


You could see jasper's ghost.

Vanquished Creatures
  A slime creature (D:6)
  Sigmund (D:3)
  Edmund (D:6)
  A phantom (D:4)
  A black bear (D:7)
  2 sky beasts
  An ogre (D:4)
  A centaur (D:5)
  A bullfrog (D:6)
  A howler monkey (D:6)
  2 crimson imps
  4 jellies
  2 bullfrog zombies (D:5)
  An orc priest (D:4)
  An orc wizard (D:4)
  5 worker ants
  Natasha (D:3)
  A hound zombie (D:5)
  10 adders
  11 gnolls
  13 oozes (D:6)
  5 worms
  2 dart slugs
  5 leopard geckos
  9 orcs
  7 giant cockroaches
  6 goblins
  5 hobgoblins
  7 jackals
  3 quokkas
  10 bats
  6 frilled lizards
  A jackal skeleton (D:6)
  5 kobolds
  3 rats
136 creatures vanquished.

Vanquished Creatures (others)
  10 fungi (D:6)
10 creatures vanquished.

Grand Total: 146 creatures vanquished

Notes
Turn   | Place    | Note
-------+----------+-------------------------------------------
     0 | D:1      | Gingerlord the Gargoyle Fighter began the quest for the Orb.
     0 | D:1      | Reached XP level 1. HP: 14/14 MP: 1/1
   287 | D:1      | Reached XP level 2. HP: 19/19 MP: 2/2
  1038 | D:2      | Reached XP level 3. HP: 23/23 MP: 3/3
  1222 | D:2      | Found a shadowy altar of Dithmenos.
  1275 | D:2      | Found a white marble altar of Elyvilon.
  1318 | D:2      | Found a faded altar of an unknown god.
  1586 | D:2      | Reached XP level 4. HP: 29/29 MP: 4/4
  1964 | D:3      | Reached XP level 5. HP: 32/33 MP: 5/5
  2166 | D:3      | Noticed Natasha
  2188 | D:3      | Killed Natasha
  2282 | D:3      | Noticed Sigmund
  2300 | D:3      | Killed Sigmund
  2300 | D:3      | Reached skill level 5 in Shields
  2300 | D:3      | Reached XP level 6. HP: 17/39 MP: 6/6
  2561 | D:4      | Found Yskal's Jewellery Shoppe.
  2565 | D:4      | Found a glowing silver altar of Zin.
  2624 | D:4      | Found a shimmering altar of Xom.
  2624 | D:4      | Found a shimmering altar of Xom.
  2624 | D:4      | Found a shimmering altar of Xom.
  2625 | D:4      | Found a shimmering altar of Xom.
  2626 | D:4      | Found a shimmering altar of Xom.
  2627 | D:4      | Found a shimmering altar of Xom.
  2627 | D:4      | Found a shimmering altar of Xom.
  2627 | D:4      | Found a shimmering altar of Xom.
  2628 | D:4      | You fall through a shaft!
  2628 | D:5      | Entered Level 5 of the Dungeon
  2651 | D:5      | Reached skill level 5 in Armour
  2651 | D:5      | Reached XP level 7. HP: 20/44 MP: 7/7
  2841 | D:5      | Reached skill level 5 in Fighting
  2986 | D:4      | Got a smoking ring mail
  2997 | D:4      | Identified the +5 ring mail of Immorality {Slay+3} (You found it on level 4 of the Dungeon)
  3081 | D:4      | Found a shimmering altar of Xom.
  3409 | D:4      | Found a staircase to the Ecumenical Temple.
  3518 | Temple   | Entered the Ecumenical Temple
  3738 | Temple   | Became a worshipper of Warmaster Okawaru
  4163 | D:5      | Reached XP level 8. HP: 41/50 MP: 8/8
  4264 | D:5      | Reached skill level 5 in Maces & Flails
  4645 | D:6      | Found a sacrificial altar of Ru.
  4769 | D:6      | Noticed Edmund
  4786 | D:6      | Killed Edmund
  4786 | D:6      | Reached * piety under Okawaru
  4857 | D:6      | Noticed a slime creature
  4880 | D:6      | Killed a slime creature
  4888 | D:6      | Reached XP level 9. HP: 55/56 MP: 9/9
  5307 | D:7      | Noticed jasper's ghost (novice DsGl)
  5323 | D:7      | Mangled by jasper's ghost

Skill      XL: |  1  2  3  4  5  6  7  8  9 |
---------------+----------------------------+-----
Shields        | 4 5 6 7 |  7.2
Maces & Flails | 3 4 5 6 |  6.2
Armour         | 4 5 6 7 |  7.1
Fighting       | 4 5 6 7 |  7.1

Action                   |  1- 3 |  4- 6 |  7- 9 || total
-------------------------+-------+-------+-------++-------
Melee: Flail             |   139 |   190 |   224 ||   553
       Dire flail        |       |       |    78 ||    78
  Use: Scroll            |     3 |     3 |     3 ||     9
  Eat: Chunk             |     1 |     5 |     9 ||    15
Armor: Scale mail        |   105 |    97 |    45 ||   247
       Ring mail         |       |       |    87 ||    87
Dodge: Dodged            |    55 |    59 |   114 ||   228
Block: Shield            |    95 |    97 |   104 ||   296
